AoeStats
← [Legacy]Julio.01

Arabia

510173344Analyzed
3v3 RM · 2d ago on Sep 29, 2026· 26m 7s· 6 players
Game mode
Random Map
Map size
Normal (6 player)
Population
200
Speed
Normal
Resources
Standard
Victory
Conquest
Starting age
Dark Age
Ending age
Imperial Age
RankedLock teamsTeams togetherTeam positionsShared explorationLock speedFull tech treeHidden civsTurbo modeCheats
Victory
Defeat
🇨🇴 Maya · Colombia
1400
+12
🇨🇴 Britons · Colombia
1343
+14
🇨🇱 Gurjaras · Chile
1277
+18
🇸🇰 Danes · Slovakia
1332
-16
🇲🇽 Inca · Mexico
1320
-15
🇨🇭 Koreans · Switzerland
1277
-13
ajja13849
7:30 Loom
9:55 Feudal Age
10:35 Double-Bit Axe
10:32 Horse Collar
15:27 Fletching
16:19 Padded Archer Armor
Blue Cheese
7:44 Loom
10:12 Feudal Age
17:56 Castle Age
16:09 Double-Bit Axe
16:35 Horse Collar
17:04 Fletching
18:48 Bodkin Arrow
19:58 Husbandry
Exori
5:32 Loom
10:42 Feudal Age
11:58 Double-Bit Axe
13:47 Fletching
16:57 Padded Archer Armor
[Legacy]Julio.01
7:06 Loom
9:18 Feudal Age
13:53 Fletching
19:17 Double-Bit Axe
24:27 Castle Age
22:37 Horse Collar
23:00 Gold Mining
24:35 Crossbowman
25:12 Bodkin Arrow
Solopetrosky
0:37 Loom
9:34 Feudal Age
10:20 Double-Bit Axe
10:18 Horse Collar
15:50 Forging
22:19 Castle Age
20:29 Gold Mining
20:51 Arson
23:39 Wheelbarrow
23:18 Bow Saw
23:10 Heavy Plow
22:32 Eagle Warrior
23:13 Squires
24:03 Iron Casting
Condorito
7:10 Loom
9:43 Feudal Age
12:53 Double-Bit Axe
14:36 Fletching
15:09 Padded Archer Armor
15:32 Horse Collar
23:15 Castle Age
22:07 Gold Mining
22:55 Wheelbarrow
24:08 Bodkin Arrow
24:24 Heavy Plow
24:36 Bow Saw
26:40 Leather Archer Armor
25:56 Crossbowman
27:00 Hand Cart
Connection lost

Rejoining the realm…

Still unreachable

The connection could not be restored.

Session expired

The server has moved on; the page needs a fresh start.